 Dungeon Crawl Stone Soup version 0.25-a0-287-g56a5b49 (webtiles) character file.

Game seed: 273354006139082288, levelgen mode: deterministic

996 Lianjan the Sneak (level 7, -5/32 HPs)
             Began as a Spriggan Venom Mage on Dec 12, 2019.
             Was a Follower of Nemelex Xobeh.
             Slain by Menkaure (23 damage)
             ... on level 4 of the Dungeon.
             The game lasted 00:17:41 (5221 turns).

Lianjan the Sneak (Spriggan Venom Mage)             Turns: 5221, Time: 00:17:42

Health: -5/32      AC:  3    Str:  4    XL:     7   Next: 99%
Magic:  9/16       EV: 18    Int: 19    God:    Nemelex Xobeh [*.....]
Gold:   151        SH:  6    Dex: 16    Spells: 4/17 levels left

rFire    . . .     SeeInvis +   u - +0 dagger (drain)
rCold    . . .     Gourm    .   l - +0 buckler
rNeg     . . .     Faith    .   a - +0 robe
rPois    .         Spirit   .   (helmet restricted)
rElec    .         Reflect  .   e - +0 cloak
rCorr    .         Harm     .   (gloves unavailable)
MR       +....     Rnd*Tele +   (boots unavailable)
Stlth    +++.......             (no amulet)
HPRegen  0.10/turn              n - ring of teleportation (curse)
MPRegen  0.15/turn              (no ring)

@: very quick
A: very small, unfitting armour, see invisible, herbivore, speed 3, slow
metabolism 2
a: Draw Escape, Draw Destruction, Draw Summoning, Renounce Religion


You were on level 4 of the Dungeon.
You worshipped Nemelex Xobeh.
Nemelex Xobeh was aware of your devotion.
You were hungry.

You visited 1 branch of the dungeon, and saw 4 of its levels.

You collected 151 gold pieces.

Inventory:

Hand Weapons
 b - a +0 dagger
 k - a +0 rapier
 u - a +0 dagger of draining (weapon)
Missiles
 r - 97 stones (quivered)
Armour
 a - a +0 robe (worn)
 d - a +0 cloak
 e - a +0 cloak (worn)
 l - a +0 buckler (worn)
Jewellery
 n - a cursed ring of teleportation (left hand)
Wands
 t - a wand of digging (5)
Scrolls
 g - 2 scrolls of enchant armour {unknown}
 h - 5 scrolls of identify {unknown}
 i - 2 scrolls of amnesia {unknown}
 m - a scroll of remove curse {unknown}
 o - a scroll of noise {unknown}
 p - 2 scrolls of blinking {unknown}
Potions
 f - 2 potions of might {unknown}
 j - a potion of lignification {unknown}
 q - a potion of brilliance {unknown}
 s - a potion of agility {unknown}
 v - a potion of curing {unknown}
 w - a potion of degeneration {unknown}
 x - a potion of cancellation {unknown}
Comestibles
 c - 8 rations


   Skills:
 - Level 3.1 Dodging
 - Level 5.7 Stealth
 + Level 2.2 Shields
 + Level 5.5 Spellcasting
 - Level 4.0 Transmutations
 + Level 2.3 Air Magic
 + Level 5.0 Poison Magic
 + Level 3.1 Invocations


You had 4 spell levels left.
You knew the following spells:

 Your Spells              Type           Power        Failure   Level  Hunger
a - Sting                 Tmut/Pois      ###.         2%          1    None
b - Poisonous Vapours     Pois/Air       ###...       5%          2    None
c - Ignite Poison         Fire/Tmut/Pois ###.....     14%         3    ##.....
d - Mephitic Cloud        Conj/Pois/Air  ##......     19%         3    ##.....
e - Olgreb's Toxic Radia  Pois           ###.....     21%         4    ####...

Your spell library contained the following spells:

 Spells                   Type           Power        Failure   Level  Hunger


Dungeon Overview and Level Annotations

Branches:
Dungeon (4/15)
 Temple: D:4-7

Altars:
Nemelex Xobeh

Annotations:
D:4 Menkaure


Innate Abilities, Weirdness & Mutations

You are very small and have problems with some larger weapons.
You are too small for most types of armour.
You have supernaturally acute eyesight. (SInv)
You are a herbivore.
You cover ground extremely quickly.
You need to consume almost no food.


Message History

Menkaure is heavily damaged.
Casting: Sting (safe; 2% risk of failure)
Confirm with . or Enter, or press ? or * to list all spells.
Aiming: Sting (safe; 2% risk of failure)
Press: ? - help, Shift-Dir - straight line, f/p - Menkaure
Aim: Menkaure (heavily damaged)
The sting hits Menkaure.
Menkaure partially resists.
Menkaure is heavily damaged.
Casting: Sting (safe; 2% risk of failure)
Confirm with . or Enter, or press ? or * to list all spells.
Aiming: Sting (safe; 2% risk of failure)
Press: ? - help, Shift-Dir - straight line, f/p - Menkaure
Aim: Menkaure (heavily damaged)
The sting hits Menkaure.
Menkaure partially resists.
Menkaure is heavily damaged.
Menkaure whispers, "It doesn't hurt if you pull your brain out of your nose yourself."
Menkaure hits you!!
Ouch! That really hurt!
You die...
Your body disappears without a glow.

. #.# #.###÷####. ...
####.# #.##.......
.....#######....#
#.##..####.
#..........####
#.##....##.
#..........#
#.####..###
#..........# #.#
#..### #..........#
#.# #[....
...........M# #.#
#.####
###%........@######.##
#.##
#..........##...)..#
#..#
#.............†<...#
##.# ##########......#
#.## #####......# #..#
...........# ##.#
#####......# #.##
#......# #..# #......#
#.[.


You could see Menkaure.

Vanquished Creatures
  Pikel (D:4)
  3 slaves (D:4)
  A bullfrog (D:3)
  A scorpion (D:4)
  A hound (D:4)
  2 orc wizards
  2 orc priests
  Jessica (D:2)
  3 worker ants (D:4)
  5 adders
  An ooze (D:3)
  4 worms
  4 leopard geckos
  16 orcs
  10 bats
  3 giant cockroaches
  3 goblins
  5 hobgoblins
  7 jackals
  A quokka (D:3)
  A ball python (D:3)
  5 frilled lizards
  9 kobolds
  9 rats
98 creatures vanquished.

Vanquished Creatures (collateral kills)
  A phantom (D:4)
1 creature vanquished.

Grand Total: 99 creatures vanquished

Notes
Turn   | Place    | Note
-------+----------+-------------------------------------------
     0 | D:1      | Lianjan the Spriggan Venom Mage began the quest for the
                  | Orb.
     0 | D:1      | Reached XP level 1. HP: 9/9 MP: 5/5
   144 | D:1      | Reached XP level 2. HP: 7/13 MP: 0/6
   904 | D:2      | Reached XP level 3. HP: 16/16 MP: 1/8
  1395 | D:2      | Learned a level 2 spell: Poisonous Vapours
  1399 | D:2      | Learned a level 3 spell: Ignite Poison
  1403 | D:2      | Learned a level 3 spell: Mephitic Cloud
  1494 | D:2      | Reached XP level 4. HP: 21/21 MP: 0/10
  1835 | D:2      | Found a sparkling altar of Nemelex Xobeh.
  1835 | D:2      | Noticed Jessica
  1841 | D:2      | Killed Jessica
  1858 | D:2      | Became a worshipper of Nemelex Xobeh the Trickster
  2070 | D:2      | Received a gift from Nemelex Xobeh
  2815 | D:3      | Reached * piety under Nemelex Xobeh
  2820 | D:3      | Reached XP level 5. HP: 24/24 MP: 4/12
  3503 | D:3      | Reached skill level 1 in Shields
  3503 | D:3      | Reached skill level 1 in Invocations
  3503 | D:3      | Reached XP level 6. HP: 28/28 MP: 7/13
  3510 | D:3      | Learned a level 4 spell: Olgreb's Toxic Radiance
  4666 | D:4      | Noticed a slave
  4677 | D:4      | Noticed a slave
  4681 | D:4      | Noticed Pikel
  4685 | D:4      | Noticed a slave
  4685 | D:4      | Noticed a slave
  4709 | D:4      | Killed a slave
  4718 | D:4      | Killed a slave
  4718 | D:4      | Killed Pikel
  4718 | D:4      | Reached skill level 5 in Stealth
  4718 | D:4      | Reached skill level 5 in Spellcasting
  4718 | D:4      | Reached skill level 1 in Air Magic
  4718 | D:4      | Reached XP level 7. HP: 11/32 MP: 0/15
  4998 | D:4      | Reached skill level 5 in Poison Magic
  5196 | D:4      | Noticed Menkaure
  5221 | D:4      | Slain by Menkaure

Levels and vault maps discovered:
D:1:      lightli_arrival_maybe_door_vault, layout_rooms
D:2:      layout_loops_corners, nemelex_lonely_heart_becter
D:3:      layout_basic, first_ration, minmay_vboxes
D:4:      layout_basic, serial_shops, shop, uniq_pikel, uniq_menkaure

Skill      XL: |  1  2  3  4  5  6  7 |
---------------+----------------------+-----
Transmutations | 2 3 4 |  4.0
Spellcasting   | 3 4 5 |  5.5
Poison Magic   | 4 5 |  5.0
Stealth        | 4 5 |  5.7
Shields        | 1 2 |  2.2
Invocations    | 1 2 3 |  3.1
Air Magic      | 1 2 |  2.3
Dodging        | |  3.1

Action                   |  1- 3 |  4- 6 |  7- 9 || total
-------------------------+-------+-------+-------++-------
Melee: Unarmed           |     1 |       |       ||     1
       Rapier            |     3 |       |       ||     3
       Dagger            |       |     8 |    10 ||    18
 Cast: Sting             |    68 |   119 |    21 ||   208
       Ignite Poison     |       |     2 |     1 ||     3
       Mephitic Cloud    |       |     1 |       ||     1
       Olgreb's Toxic Ra |       |     3 |       ||     3
 Abil: Draw Destruction  |       |       |     2 ||     2
       Draw Summoning    |       |       |     1 ||     1
 Stab: Sleeping          |       |       |     2 ||     2
  Eat: Ration            |       |     1 |       ||     1
Armor: Robe              |     8 |     8 |       ||    16
Dodge: Dodged            |    36 |    47 |     6 ||    89
Block: Buckler           |       |    10 |     1 ||    11

Table legend:
 A = Non-vault XP
 B = Vault XP
 C = Vault XP percentage of total XP
 D = Non-vault monster count
 E = Vault monster count
 F = Vault count percentage of total count
                 A         B        C        D         E       F
            +---------+---------+-------+---------+---------+-------
      Total |     757 |     667 |  46.8 |      88 |       8 |   8.3
            +---------+---------+-------+---------+---------+-------
        D:1 |      37 |       0 |   0.0 |      22 |       0 |   0.0
        D:2 |      76 |      37 |  32.7 |      17 |       1 |   5.6
        D:3 |     291 |      13 |   4.3 |      36 |       6 |  14.3
        D:4 |     353 |     617 |  63.6 |      13 |       1 |   7.1
            +---------+---------+-------+---------+---------+-------
